AoeStats
← mexxer

Golden Pit

503404367Analyzed
1v1 RM · 1mo ago on Aug 31, 2026· 44m 45s· 2 players
Game mode
Random Map
Map size
Tiny (2 player)
Population
200
Speed
Normal
Resources
Standard
Victory
Conquest
Starting age
Dark Age
Ending age
Imperial Age
RankedLock teamsTeams togetherTeam positionsShared explorationLock speedFull tech treeHidden civsTurbo modeCheats
Victory
Defeat
🇩🇪 Inca · Germany
964
+16
🇩🇪 Byzantines · Germany
956
-33
mexxer
3:42 Loom
11:47 Feudal Age
12:17 Horse Collar
12:25 Double-Bit Axe
18:40 Fletching
22:09 Castle Age
22:48 Padded Archer Armor
23:23 Elite Skirmisher
24:26 Forging
24:24 Heavy Plow
25:20 Scale Barding Armor
26:19 Bodkin Arrow
31:26 Thumb Ring
31:09 Pikeman
34:05 Husbandry
35:22 Leather Archer Armor
38:40 Wheelbarrow
41:06 Imperial Age
39:30 Ballistics
39:37 Chain Barding Armor
40:06 Bow Saw
44:04 Chemistry
43:08 Bracer
Stiefei
5:24 Loom
11:01 Feudal Age
12:17 Double-Bit Axe
14:10 Horse Collar
19:17 Padded Archer Armor
21:45 Castle Age
21:31 Fletching
22:47 Wheelbarrow
21:57 Crossbowman
22:44 Thumb Ring
24:14 Bow Saw
24:44 Bodkin Arrow
25:57 Heavy Plow
28:17 Hand Cart
29:09 Town Watch
33:57 Stone Mining
35:18 Elite Skirmisher
36:46 Gold Mining
39:51 Imperial Age
38:11 Gold Shaft Mining
38:12 Stone Shaft Mining
38:19 Forging
38:10 Scale Mail Armor
40:16 Chain Mail Armor
40:36 Iron Casting
41:15 Andean Sling
41:20 Elite Kamayuk
43:16 Blast Furnace
Connection lost

Rejoining the realm…

Still unreachable

The connection could not be restored.

Session expired

The server has moved on; the page needs a fresh start.